 Dungeon Crawl Stone Soup version 0.21-a0-442-g848f44b (webtiles) character file.

137 theanonym the Poker (level 5, 0/41 HPs)
             Began as a Formicid Fighter on Nov 15, 2017.
             Succumbed to Sigmund's poison
             ... on level 2 of the Dungeon.
             The game lasted 00:03:57 (1946 turns).

theanonym the Poker (Formicid Fighter)              Turns: 1946, Time: 00:03:58

Health: 0/41       AC:  6    Str: 21    XL:     5   Next: 43%
Magic:  5/5        EV:  7    Int:  8    God:
Gold:   51         SH:  9    Dex: 10    Spells: 4/4 levels left

rFire    . . .     SeeInvis +   a - +0 trident
rCold    . . .     Gourm    .   c - +0 shield
rNeg     . . .     Faith    .   j - +0 scale mail
rPois    .         Spirit   .   (helmet unavailable)
rElec    .         Reflect  .   (no cloak)
rCorr    .         Harm     .   (no gloves)
MR       .....                  (no boots)
Stlth    ..........             (no amulet)
HPRegen  0.13/turn              (no ring)
MPRegen  0.09/turn              (no ring)

@: lethally poisoned (0 -> -35)
A: permanent stasis, dig shafts and tunnels, four strong arms, antennae 3
a: Dig, Shaft Self


Innate Abilities, Weirdness & Mutations

You cannot be hasted, slowed, berserked, paralysed or teleported.
You can dig through walls and to a lower floor.
Your four strong arms can wield two-handed weapons with a shield.
You have a pair of large antennae on your head. (SInv)


   Skills:
 - Level 3.2 Fighting
 + Level 5.2 Polearms
 - Level 3.2 Armour
 - Level 3.6 Shields


You had 4 spell levels left.
You didn't know any spells.

Skill      XL: |  1  2  3  4  5 |
---------------+----------------+-----
Polearms       | 3 4 5 |  5.2
Fighting       | |  3.2
Armour         | |  3.2
Shields        | |  3.6

Action                   |  1- 3 |  4- 6 || total
-------------------------+-------+-------++-------
Melee: Trident           |    74 |    52 ||   126
       Unarmed           |     7 |     7 ||    14
 Fire: Hunting sling     |     3 |    16 ||    19
 Abil: Dig               |     1 |     2 ||     3
  Use: Potion            |     1 |     1 ||     2
       Scroll            |       |     2 ||     2
 Stab: Confused          |       |     1 ||     1
  Eat: Chunk             |       |     4 ||     4
Armor: Scale mail        |    19 |    12 ||    31
       Skin              |       |     1 ||     1
Dodge: Dodged            |    24 |    16 ||    40
Block: Shield            |    24 |    26 ||    50

Inventory:

Hand Weapons
 a - a +0 trident (weapon)
 b - a +2 hunting sling of flaming
   (You found it on level 2 of the Dungeon)
Missiles
 d - 15 poisoned needles
 h - 22 bolts
 i - 70 stones (quivered)
 m - 12 arrows
Armour
 c - a +0 shield (worn)
 j - a +0 scale mail (worn)
Jewellery
 p - a +3 amulet of reflection
   (You found it on level 2 of the Dungeon)
Wands
 r - a wand of polymorph (1/24)
   (You took it off Natasha on level 2 of the Dungeon)
Scrolls
 e - a scroll of immolation {unknown}
 g - a scroll of teleportation {unknown}
 k - a scroll of fear {!r}
 l - a scroll of enchant weapon {unknown}
 o - a scroll of recharging {unknown}
Comestibles
 f - 2 bread rations

Dungeon Overview and Level Annotations

Branches:
Dungeon (2/15)

Altars:
Ashenzari

Annotations:
D:2 Sigmund


You were on level 2 of the Dungeon.
You were not hungry.

You visited 1 branch of the dungeon, and saw 2 of its levels.

You collected 51 gold pieces.


Message History

You kill Natasha!
You feel Natasha's spirit has finally been put to rest.
Your Polearms skill increases to level 5!
No target in view!
No target in view!
No target in view!
No target in view!
You start resting.
Your transformation is almost over.
You regained 2 hp, and now have 34/41 hp.
You start resting.
You stop sporulating.
Your +0 trident unmelds from your body.
Your +0 shield unmelds from your body.
Your +0 scale mail unmelds from your body.
You start resting.
Health restored: 41
r - a wand of polymorph (?/24) {zapped: 3} You butcher the felid corpse of Natasha.
s - a chunk of flesh
There is an open door here.
As you open the door, it creaks loudly!
There is an open door here.
You open the door.
There is an open door here.
Sigmund the Dreaded comes into view.
He is wielding a scythe of venom.
Sigmund shouts!
You hear an angry hiss.
Sigmund smiles chillingly.
Sigmund points at you and mumbles some strange words.
The puff of flame hits you!
An adder comes into view.
You take 8 damage, and have 33/41 hp.
There are monsters nearby!
There are monsters nearby!
There are monsters nearby!
There is an open door here.
You close the door.
You extend your mandibles.
You dig through the rock wall.
You dig through the rock wall.
You are feeling hungry.
You dig through the rock wall.
You start resting.
Eating a chunk of flesh.
You eat the chunk of flesh.
You sense a monster nearby.
You start resting.
You retract your mandibles.
You closely miss the adder. The adder bites you. You block the adder's attack.
You take 4 damage, and have 30/41 hp.
You hit the adder. The adder barely misses you. You block the adder's attack.
You miss the adder. You block the adder's attack.
You puncture the adder!
You kill the adder!
You barely miss Sigmund.
Sigmund hits you with a scythe of venom!
You take 9 damage, and have 22/41 hp.
MASSIVE DAMAGE!!
You puncture Sigmund! Sigmund casts a spell at you.
You block the puff of flame.
It was a potion of curing.
You feel better.
Sigmund hits you with a scythe of venom.
You are poisoned.
You closely miss Sigmund.
You feel sick.
You take 1 damage, and have 22/41 hp.
You hit Sigmund but do no damage.
You feel sick.
Sigmund hits you with a scythe of venom.
* * * LOW HITPOINT WARNING * * *
You are lethally poisoned!
You take 6 damage, and have 16/41 hp.
You barely miss Sigmund.
* * * LOW HITPOINT WARNING * * *
You feel sick.
Sigmund hits you with a scythe of venom!
* * * LOW HITPOINT WARNING * * *
You are more poisoned.
You take 10 damage, and have 6/41 hp.
MASSIVE DAMAGE!!
As you read the scroll labeled OCUTZO WUFEEME, it crumbles to dust.
You assume a fearsome visage.
Sigmund looks frightened!
It was a scroll of fear.
* * * LOW HITPOINT WARNING * * *
You feel very sick.
Sigmund casts a spell.
Sigmund flickers and vanishes for a moment.
You take 3 damage, and have 3/41 hp.
As you read the scroll labeled DIEFAB WEXZOG, it crumbles to dust.
It is a scroll of identify.
Really abort (and waste the scroll)? [Y]es or [N]o only, please.
Really abort (and waste the scroll)? [Y]es or [N]o only, please.
Really abort (and waste the scroll)? [Y]es or [N]o only, please.
Really abort (and waste the scroll)? [Y]es or [N]o only, please.
Really abort (and waste the scroll)? [Y]es or [N]o only, please.
Really abort (and waste the scroll)?
Really abort (and waste the scroll)? [Y]es or [N]o only, please.
Really abort (and waste the scroll)?
p - a +3 amulet of reflection You die...

### ###### ##@######
#....# #@###...#
#....#####.##...####
#....'......+...'S.'@
#....########...####.
#....# .......' ##
#....# ######## .#
#....# #######....#
###+#########+######


You could see Sigmund (fleeing).

Notes
Turn   | Place    | Note
-------+----------+-------------------------------------------
     0 | D:1      | theanonym the Formicid Fighter began the quest for the Orb.
     0 | D:1      | Reached XP level 1. HP: 18/18 MP: 1/1
    76 | D:1      | Reached XP level 2. HP: 19/24 MP: 2/2
   219 | D:1      | Reached skill level 3 in Polearms
   250 | D:1      | theanonym: !lg * killer=theanonym's_ghost
   250 | D:1      | beem: 5. theanonym the Cleaver (L7 HOMo), slain by theanonym's ghost on D:4 on 2017-11-13 14:57:36, with 432 points after 4685 turns and 0:08:52.
   295 | D:1      | Found a shattered altar of Ashenzari.
   305 | D:1      | Reached XP level 3. HP: 27/29 MP: 3/3
   482 | D:1      | You fall through a shaft!
   571 | D:2      | Noticed Natasha
   588 | D:2      | HP: 12/29 [Natasha (8)]
   591 | D:2      | Killed Natasha
   591 | D:2      | Reached skill level 4 in Polearms
   591 | D:2      | Reached XP level 4. HP: 7/35 MP: 4/4
   593 | D:2      | HP: 6/35 [bat (1)]
   987 | D:2      | HP: 17/35 [poisoned by an adder]
   995 | D:2      | HP: 16/35 [poisoned by an adder]
  1272 | D:2      | HP: 17/35 [poisoned by an adder]
  1277 | D:2      | HP: 15/35 [poisoned by an adder]
  1283 | D:2      | HP: 14/35 [poisoned by an adder]
  1291 | D:2      | HP: 13/35 [poisoned by an adder]
  1716 | D:2      | Noticed Natasha
  1725 | D:2      | Killed Natasha
  1725 | D:2      | Reached XP level 5. HP: 37/41 MP: 5/5
  1817 | D:2      | Noticed Natasha
  1828 | D:2      | Killed Natasha
  1828 | D:2      | Reached skill level 5 in Polearms
  1923 | D:2      | Noticed Sigmund
  1943 | D:2      | HP: 16/41 [Sigmund/scythe of venom (5)]
  1944 | D:2      | HP: 6/41 [Sigmund/scythe of venom (9)]
  1946 | D:2      | Succumbed to Sigmund's poison

Vanquished Creatures
  Natasha (thrice) (D:2)
  3 adders (D:2)
  4 dart slugs (D:1)
  A leopard gecko (D:2)
  A giant cockroach (D:1)
  2 hobgoblins (D:1)
  3 ball pythons
  3 bats
  A frilled lizard (D:1)
  3 goblins (D:1)
  4 kobolds
  6 rats (D:1)
34 creatures vanquished.
